 Dungeon Crawl Stone Soup version 0.22-a0-307-g2b15929 (webtiles) character file.

26471 xccam the Severer (level 13, 0/93 HPs)
             Began as a Formicid Fighter on Apr 1, 2018.
             Was the Champion of Cheibriados.
             Engulfed by a cloud of flame (3 damage)
             ... in a volcano.
             The game lasted 00:29:46 (13565 turns).

xccam the Severer (Formicid Fighter)               Turns: 13565, Time: 00:29:47

Health: 0/93       AC: 10    Str: 39    XL:     13   Next: 58%
Magic:  9/19       EV: 23    Int: 24    God:    Cheibriados [******]
Gold:   440        SH: 16    Dex: 34    Spells: 12/12 levels left

rFire    + . .     SeeInvis +   C - +8 battleaxe "Qeociock" {flame, *Noise Dex+8}
rCold    . . .     Gourm    +   c - +0 shield
rNeg     . . .     Faith    .   E - +1 scale mail {rF+}
rPois    .         Spirit   .   (helmet unavailable)
rElec    .         Reflect  .   (no cloak)
rCorr    +         Harm     .   (no gloves)
MR       +....                  x - +1 pair of boots
Stlth    +.........             J - amulet of the gourmand
HPRegen  0.25/turn              H - ring of Phasing {EV+8}
MPRegen  0.16/turn              z - ring of resist corrosion

@: flying, very slow
A: permanent stasis, dig shafts and tunnels, four strong arms, antennae 3
a: Dig, Shaft Self, Bend Time, Temporal Distortion, Slouch, Step From Time,
Renounce Religion


You were in a volcano.
You worshipped Cheibriados.
Cheibriados was exalted by your worship.
You were not hungry.

You visited 4 branches of the dungeon, and saw 16 of its levels.
You also visited: Volcano.

You collected 1426 gold pieces.
You spent 986 gold pieces at shops.

Inventory:

Hand Weapons
 a - a +1 war axe
 C - the +8 battleaxe "Qeociock" (weapon) {flame, *Noise Dex+8}
   (You bought it in a shop on level 9 of the Dungeon)

   It has been specially enchanted to burn those struck by it, causing extra
   injury to most foes and up to half again as much damage against particularly
   susceptible opponents.
   Big, fiery blades are also staple armaments of hydra-hunters.
   It affects your dexterity (+8).
   It may make noises in combat.
Armour
 c - a +0 shield (worn)
 s - the +9 plate armour of the Circus Animal {Dex+4}
   (You bought it in a shop on level 9 of the Dungeon)

   It affects your dexterity (+4).
 x - a +1 pair of boots (worn)
 E - a +1 scale mail of fire resistance (worn)
Jewellery
 d - a +4 ring of strength
 i - an uncursed amulet of magic regeneration
 q - a +2 ring of intelligence
 z - a ring of resist corrosion (right hand)
 H - the ring of Phasing (left hand) {EV+8}
   (You found it on level 11 of the Dungeon)

   [ring of evasion]

   It affects your evasion (+8).
 J - an amulet of the gourmand (around neck)
Wands
 h - a wand of digging (8)
 u - a wand of polymorph (18)
 y - a wand of flame (23)
 G - a wand of clouds (4)
Scrolls
 b - 5 scrolls of identify
 e - a scroll of random uselessness
 j - 2 scrolls of fog
 l - 6 scrolls of remove curse
 m - 2 scrolls of fear
 t - 4 scrolls of enchant weapon
 v - 4 scrolls of enchant armour
 w - 10 scrolls of teleportation
 B - 2 scrolls of acquirement {unknown}
 D - a scroll of vulnerability {unknown}
 I - a scroll of torment {unknown}
 K - a scroll of holy word {unknown}
Potions
 k - 3 potions of cancellation
 n - 2 potions of agility
 o - 3 potions of lignification
 A - 2 potions of haste
 F - a potion of flight
Comestibles
 f - 22 rations


   Skills:
 - Level 6.0 Fighting
 + Level 17.2 Axes
 - Level 6.0 Armour
 - Level 3.9 Dodging
 - Level 9.0 Shields
 - Level 8.0 Invocations


You had 12 spell levels left.
You didn't know any spells.

Dungeon Overview and Level Annotations

Branches:
Dungeon (12/15)            Temple (1/1) D:4            Lair (2/6) D:11
    Orc (1/2) D:9
  Swamp: Lair:2-4    Shoals: Lair:2-4     Snake: Lair:2-4    Spider: Lair:2-4

Altars:
Ashenzari
Cheibriados
Dithmenos
Elyvilon
Fedhas
Gozag
Kikubaaqudgha
Makhleb
Okawaru
Qazlal
Ru
Sif Muna
Trog
Uskayaw
Vehumet
Wu Jian
Yredelemnul
Zin
The Shining One

Shops:
D:6 %   D:9 (:[:

Portals:
Trove: D:11 (give +2 gold dragon scales)


Innate Abilities, Weirdness & Mutations

You cannot be hasted, slowed, berserked, paralysed or teleported.
You can dig through walls and to a lower floor.
Your four strong arms can wield two-handed weapons with a shield.
You have a pair of large antennae on your head. (SInv)


Message History

* * * LOW HITPOINT WARNING * * *
You block the fire elemental's attack.
Really become a tree while standing in a cloud of flame?
Okay, then.
You slice the fire elemental!!
The fire elemental is almost destroyed.
You are engulfed in blazing flames.
You resist.
* * * LOW HITPOINT WARNING * * *
You block the fire elemental's attack.
You step out of the flow of time.
You return to the normal time flow.
You feel somewhat more hungry.
It was a potion of flight.
You feel very buoyant.
You fly up into the air.
You are engulfed in blazing flames.
You resist.
* * * LOW HITPOINT WARNING * * *
Unknown command.
It was a potion of berserk rage.
Your stasis prevents you from going berserk.
You are engulfed in blazing flames.
You resist.
You die...

{{ { ### { { # ##≈### {
§≈≈#
≈≈§≈≈##############≈≈§§≈
≈§§≈≈≈.'##§#≈#≈#@§≈≈§§≈≈
≈§≈≈..##)§≈E≈≈≈§##§§≈§≈≈
§§≈≈.###§.§≈§≈≈§# §≈≈≈.
#.≈.## ##.≈§§§§## .§§#
##.## #§≈≈§≈.# §## ###
##§≈≈.## # #§≈≈.# ##..##
####


You could see a fire elemental (wandering).

Vanquished Creatures
  The ghost of darksquall the Cleaver, a journeyman HOGl of Nemelex Xobeh (D:10)
  A death knight (D:12)
  A two-headed ogre (D:10)
  3 death yaks (D:11)
  Urug (D:11)
  Nergalle (Orc:1)
  A skeletal warrior (D:12)
  2 unseen horrors (D:10)
  An orc knight (Orc:1)
  A lindwurm (Orc:1)
  A manticore (D:11)
  2 ugly things (D:11)
  A toenail golem (Volcano)
  Joseph (D:9)
  3 spiny frogs (Lair:1)
  2 gargoyles (D:10)
  3 efreet (Volcano)
  2 freezing wraiths (D:12)
  3 trolls
  3 blink frogs (Lair:1)
  6 hippogriffs
  Eustachio (D:4)
  2 fire elementals (Volcano)
  22 yaks
  3 water moccasins (Lair:1)
  A warg (Orc:1)
  2 hell hounds (Lair:2)
  5 porcupines
  6 ice beasts
  2 sky beasts (D:11)
  3 black bears (D:6)
  13 orc warriors
  A swamp drake (D:9)
  4 phantoms
  4 ogres
  5 centaurs
  A crocodile (D:10)
  A big kobold (D:9)
  7 bullfrogs
  A wyvern skeleton (D:8)
  6 scorpions
  A water moccasin skeleton (D:5)
  16 killer bees
  8 wights
  3 howler monkeys
  3 bullfrog zombies
  2 crimson imps
  7 hounds
  A quasit (D:9)
  A centaur skeleton (D:4)
  3 jellies
  14 orc priests
  2 bullfrog skeletons
  20 orc wizards
  3 iguanas
  Terence (D:2)
  4 worker ants
  13 adders
  A river rat (D:11)
  4 shadow imps
  4 oozes
  An adder skeleton (D:4)
  2 worms (D:2)
  A dart slug (D:2)
  6 leopard geckos
  63 orcs
  2 ball pythons
  2 giant cockroaches
  5 goblins
  8 hobgoblins
  6 jackals
  15 kobolds
  7 quokkas
  7 bats
  8 frilled lizards
  A giant cockroach zombie (D:6)
  A jackal zombie (D:6)
  A leopard gecko skeleton (D:6)
  A quokka skeleton (D:4)
  15 rats
  A fire vortex (Volcano)
  2 plants (D:9)
396 creatures vanquished.

Vanquished Creatures (others)
  A fire vortex (Volcano)
  A fungus (Lair:1)
2 creatures vanquished.

Grand Total: 398 creatures vanquished

Notes
Turn   | Place    | Note
-------+----------+-------------------------------------------
     0 | D:1      | xccam the Formicid Fighter began the quest for the Orb.
     0 | D:1      | Reached XP level 1. HP: 18/18 MP: 1/1
   175 | D:1      | Reached XP level 2. HP: 16/24 MP: 2/2
   191 | D:1      | Reached skill level 3 in Axes
   248 | D:1      | Reached XP level 3. HP: 19/29 MP: 3/3
   800 | D:2      | Noticed Terence
   812 | D:2      | Killed Terence
   812 | D:2      | Reached skill level 4 in Axes
   812 | D:2      | Reached XP level 4. HP: 29/35 MP: 4/4
  1186 | D:3      | Reached XP level 5. HP: 41/41 MP: 5/5
  1328 | D:3      | Found a glowing golden altar of the Shining One.
  1368 | D:3      | Reached skill level 5 in Axes
  1734 | D:4      | Reached XP level 6. HP: 47/47 MP: 6/6
  1735 | D:4      | Reached skill level 6 in Axes
  1757 | D:4      | Noticed an orc warrior
  1773 | D:4      | Killed an orc warrior
  1773 | D:4      | Reached skill level 7 in Axes
  1773 | D:4      | Reached XP level 7. HP: 19/52 MP: 7/7
  2134 | D:4      | Found a staircase to the Ecumenical Temple.
  2140 | Temple   | Entered the Ecumenical Temple
  2148 | Temple   | Became a worshipper of Cheibriados the Contemplative
  2577 | D:4      | Reached * piety under Cheibriados
  2627 | D:4      | Reached skill level 8 in Axes
  2861 | D:4      | Found a shadowy altar of Dithmenos.
  3023 | D:4      | Noticed Eustachio
  3060 | D:4      | Killed Eustachio
  3060 | D:4      | Reached skill level 9 in Axes
  3060 | D:4      | Reached XP level 8. HP: 15/58 MP: 8/8
  3342 | D:5      | Entered Level 5 of the Dungeon
  3911 | D:5      | Reached skill level 10 in Axes
  4010 | D:5      | Reached skill level 5 in Shields
  4184 | D:5      | Reached XP level 9. HP: 59/64 MP: 9/9
  4236 | D:5      | Found a radiant altar of Vehumet.
  4240 | D:5      | Found a blossoming altar of Fedhas.
  4247 | D:5      | Reached ** piety under Cheibriados
  4353 | D:5      | Found a stormy altar of Qazlal.
  5235 | D:6      | Found Kuam's Food Emporium.
  5415 | D:6      | Reached skill level 1 in Dodging
  5459 | D:6      | Reached *** piety under Cheibriados
  5869 | D:6      | Reached XP level 10. HP: 70/73 MP: 10/10
  5903 | D:6      | Found a deep blue altar of Sif Muna.
  6676 | D:7      | Got a warped hand axe
  6677 | D:7      | Identified the +2 hand axe of the Swamp {pain, Str+3} (You found it on level 7 of the Dungeon)
  6723 | D:7      | Reached skill level 5 in Fighting
  6723 | D:7      | Reached skill level 5 in Armour
  7265 | D:8      | Reached **** piety under Cheibriados
  7766 | D:9      | Found a stormy altar of Qazlal.
  7797 | D:9      | Found Narchu's Antique Weapon Emporium.
  7802 | D:9      | Bought a scorched battleaxe for 230 gold pieces
  7802 | D:9      | Identified the +8 battleaxe "Qeociock" {flame, *Noise Dex+8} (You bought it in a shop on level 9 of the Dungeon)
  7848 | D:9      | Noticed Joseph
  7858 | D:9      | Killed Joseph
  8012 | D:9      | Reached skill level 11 in Axes
  8027 | D:9      | Found Lenoudgh's Antique Armour Emporium.
  8408 | D:9      | Reached XP level 11. HP: 44/81 MP: 11/11
  8414 | D:9      | Reached ***** piety under Cheibriados
  8633 | D:9      | Found a staircase to the Orcish Mines.
  8709 | Orc:1    | Entered Level 1 of the Orcish Mines
  8822 | Orc:1    | Reached skill level 12 in Axes
  8996 | Orc:1    | Noticed a two-headed ogre
  8999 | Orc:1    | Noticed a lindwurm
  8999 | Orc:1    | a two-headed ogre changed into a lindwurm
  9009 | Orc:1    | Killed a lindwurm
  9056 | Orc:1    | Noticed Nergalle
  9082 | Orc:1    | Killed Nergalle
  9528 | Orc:1    | Noticed an orc knight
  9535 | Orc:1    | Killed an orc knight
  9535 | Orc:1    | Reached skill level 13 in Axes
  9862 | D:9      | Bought a transparent plate armour for 756 gold pieces
  9872 | D:9      | Identified the +9 plate armour of the Circus Animal {Dex+4} (You bought it in a shop on level 9 of the Dungeon)
 10109 | D:9      | Found Moinuomn's Book Shoppe.
 10182 | D:9      | Found Rilemead's Book Shoppe.
 10281 | D:10     | Entered Level 10 of the Dungeon
 10355 | D:10     | Noticed darksquall's ghost (journeyman HOGl)
 10360 | D:10     | Killed darksquall's ghost
 10360 | D:10     | Reached skill level 14 in Axes
 10515 | D:10     | Noticed a two-headed ogre
 10520 | D:10     | Killed a two-headed ogre
 10520 | D:10     | Reached XP level 12. HP: 52/88 MP: 12/12
 10545 | D:10     | Reached ****** piety under Cheibriados
 10623 | D:10     | Noticed an unseen horror
 10630 | D:10     | Killed an unseen horror
 10698 | D:10     | Reached skill level 1 in Invocations
 10699 | D:10     | Noticed an unseen horror
 10702 | D:10     | Killed an unseen horror
 10702 | D:10     | Reached skill level 15 in Axes
 11013 | D:11     | Found a portal to a secret trove of treasure.
 11042 | D:11     | Noticed a death yak
 11043 | D:11     | Found a staircase to the Lair.
 11043 | D:11     | Noticed a death yak
 11050 | D:11     | Killed a death yak
 11055 | D:11     | Killed a death yak
 11064 | D:11     | Reached skill level 5 in Invocations
 11200 | D:11     | Found the ring of Phasing {EV+8}
 11217 | D:11     | Noticed a death yak
 11221 | D:11     | Killed a death yak
 11495 | D:11     | Noticed Urug
 11502 | D:11     | Killed Urug
 11502 | D:11     | Reached XP level 13. HP: 70/93 MP: 18/18
 11850 | D:12     | Got a faintly glowing scale mail
 11861 | D:12     | Identified the +5 scale mail of Panentheism {Dex+5} (You found it on level 12 of the Dungeon)
 12001 | D:12     | Reached skill level 16 in Axes
 12502 | Lair:1   | Entered Level 1 of the Lair of Beasts
 12626 | Lair:1   | Reached skill level 17 in Axes
 13135 | Lair:2   | Found a dark tunnel.
 13160 | Volcano  | Entered a volcano
 13564 | Volcano  | HP: 3/93 [something (8)]
 13565 | Volcano  | Engulfed by a cloud of flame

Vault maps used:
D:1:      dpeg_arrival_castle
D:2:      uniq_terence
D:3:      nicolae_tso_carved_into_rock, first_ration
D:4:      grunt_dithmenos_shadows, minmay_temple_entry_butterflies,
          kennysheep_doodads, uniq_eustachio
D:5:      grunt_temple_overflow_open, serial_bayou, serial_bayou_lagoon_b,
          serial_bayou_pond_c, serial_bayou_pond_e, serial_bayou_lagoon_a,
          nicolae_qazlal_eye_of_the_storm
D:6:      lemuel_blue_sif_altar, serial_shops, shop, minmay_misc_feat_five,
          nzn_random_ring
D:9:      lemuel_crystal_altar, erik_orc_1, serial_shops,
          nicolae_shop_overgrown_old_shop, kennysheep_mini_moat, shop,
          kennysheep_little_box, uniq_joseph
D:10:     kennysheep_ambush_hall
D:11:     dpeg_lair_monsters, enter_trove_2, uniq_urug
Temple:   nicolae_temple_x_marks_the_god
Lair:2:   nicolae_spider_entry_non_spiders, enter_volcano_3
Orc:1:    uniq_nergalle
Volcano:  volcano_aerie

Skill      XL: |  1  2  3  4  5  6  7  8  9 10 11 12 13 |
---------------+----------------------------------------+-----
Axes           | 3 4 5 7 9 10 11 14 15 17 | 17.2
Shields        | 5 9 |  9.0
Dodging        | 2 3 |  3.9
Fighting       | 4 6 |  6.0
Armour         | 4 6 |  6.0
Invocations    | 7 8 |  8.0

Action                   |  1- 3 |  4- 6 |  7- 9 | 10-12 | 13-15 || total
-------------------------+-------+-------+-------+-------+-------++-------
Melee: War axe           |   108 |   126 |   333 |   301 |       ||   868
       Battleaxe         |       |       |       |   199 |   136 ||   335
Invok: Step From Time    |       |       |       |       |     2 ||     2
 Abil: Dig               |       |       |       |     2 |       ||     2
Evoke: Wand              |       |       |       |     3 |     1 ||     4
  Use: Potion            |       |     3 |     1 |     2 |     9 ||    15
       Scroll            |       |       |       |    17 |       ||    17
 Stab: Invisible         |       |     1 |       |       |       ||     1
       Distracted        |       |       |       |     1 |       ||     1
       Confused          |       |       |       |     1 |       ||     1
  Eat: Chunk             |       |     3 |     8 |    10 |     1 ||    22
       Ration            |       |       |       |       |     1 ||     1
Armor: Scale mail        |    69 |    56 |   128 |    20 |     6 ||   279
       Plate armour      |       |       |       |   126 |    14 ||   140
Dodge: Dodged            |    39 |    39 |   125 |   196 |    76 ||   475
Block: Shield            |    55 |    68 |   220 |   379 |    98 ||   820

Table legend:
 A = Spawn XP
 B = Non-spawn XP
 C = Spawn XP percentage of total XP
 D = Spawn monster count
 E = Non-spawn monster count
 F = Spawn count percentage of total count
 G = Total turns spent on level
                    A         B        C        D         E        F      G
               +---------+---------+-------+---------+---------+-------+---------
         Total |       0 |   37816 |   0.0 |       0 |     393 |   0.0 | 13565
               +---------+---------+-------+---------+---------+-------+---------
           D:1 |       0 |      40 |   0.0 |       0 |      26 |   0.0 |   538
           D:2 |       0 |      88 |   0.0 |       0 |      20 |   0.0 |   530
           D:3 |       0 |     108 |   0.0 |       0 |      24 |   0.0 |   656
           D:4 |       0 |     962 |   0.0 |       0 |      29 |   0.0 |  1601
           D:5 |       0 |     840 |   0.0 |       0 |      17 |   0.0 |  1226
           D:6 |       0 |    1876 |   0.0 |       0 |      49 |   0.0 |  1441
           D:7 |       0 |     567 |   0.0 |       0 |      11 |   0.0 |   742
           D:8 |       0 |     988 |   0.0 |       0 |      20 |   0.0 |  1015
           D:9 |       0 |    3717 |   0.0 |       0 |      63 |   0.0 |  1415
          D:10 |       0 |    6817 |   0.0 |       0 |      35 |   0.0 |   723
          D:11 |       0 |    8350 |   0.0 |       0 |      39 |   0.0 |   760
          D:12 |       0 |    2872 |   0.0 |       0 |      10 |   0.0 |   738
        Lair:1 |       0 |    4934 |   0.0 |       0 |      22 |   0.0 |   590
        Lair:2 |       0 |     299 |   0.0 |       0 |       2 |   0.0 |    68
         Orc:1 |       0 |    3525 |   0.0 |       0 |      20 |   0.0 |  1100
       Volcano |       0 |    1833 |   0.0 |       0 |       6 |   0.0 |   405
               +---------+---------+-------+---------+---------+-------+---------
